Zazza, neutral female human Tourist # # ---- ------- ----- |..| ------- # ##...`..| |...| ------ |..| |.....| ------.----- # |.....| |...| |....| ---- |.....| ##...........|####|.....| #....| |....| #....{.| # |..........|# |..<..| #|...|#### |....| #|.>...| ####+..........|# |.....| #|...| # |....| #|.....| ##`#|..........|# --.---- #----- ##+..#.| #-------#### #...........|# ###### ### |....| ### # #### #-----|------# # # ----.- # # #### # # ##### ### # # # # # # ### # # # # # # i@f# # # # # ### # ## # # i-.---### # # # # # ----.- --------# #|...+# ### # -------+----# |....| |.......###|{..|#########################...(.......|##########.....| |......|# |....# -+----# |..........|# |....| |.......# ----- |.....# |..........+# ------ |......| # |....| |..........| -------- ------ ------------ Zazza the Rambler Experience level: 1 Strength: 11 Dexterity: 9 Constitution: 13 Intelligence: 15 Wisdom: 9 Charisma: 18 Health: 0(12) Energy: 5(5) Def: 0 Gold: 1572 Moves: 1322 Dungeon seed: 5aQtW3vNMuIlQrhX Game ID: Zazza_1619467914 Your Inventory: Coins $ - 1572 gold pieces Weapons a - 25 +2 darts (in quiver) r - a +0 dagger (weapon in hand) x - a +0 orcish spear B - 3 +0 darts Armor e - an uncursed +0 Hawaiian shirt (being worn) y - an uncursed +0 studded leather armor Comestibles b - 3 uncursed tripe rations c - 6 uncursed food rations d - an uncursed cram ration f - an uncursed sprig of wolfsbane g - an uncursed fortune cookie h - an uncursed slime mold D - an uncursed egg G - an uncursed apple Scrolls n - an uncursed scroll of teleportation p - a cursed scroll of create monster t - an uncursed scroll of gold detection z - an uncursed scroll of confuse monster E - an uncursed scroll of identify Potions i - an uncursed potion of extra healing o - an uncursed potion of restore ability v - an uncursed potion of gain ability w - an uncursed potion of confusion A - a cursed potion of fruit juice F - an uncursed potion of see invisible Tools k - an expensive camera (0:48) l - an uncursed credit card s - an uncursed leash (in use) C - an uncursed lock pick Gems q - an uncursed worthless piece of yellow glass Spells and supernatural/magical abilities: Name Level Category Fail Memory W - pray for help -- divine ? -- Your skills at the end: Fighting Skills Weapon Skills dart [Basic] Spellcasting Skills Final Attributes: You were nominally aligned. You were lucky. You are dead. Vanquished creatures: a homunculus an iguana 7 manes a hobgoblin a yellow mold 3 geckos 6 jackals a kobold a goblin 2 sewer rats a grid bug 2 lichens 2 kobold zombies 2 newts 31 creatures vanquished. Voluntary challenges: You used a wielded weapon 7 times, starting on turn 310. You were a pacifist. You read items or engraved 4 times, starting on turn 14. You never genocided any monsters. You never polymorphed an object. You never changed form. You used no wishes. You never split a pudding. You never wrote Elbereth's name. You never violated your personal moral code. Dungeon overview: The Dungeons of Doom: levels 1 to 5 Level 1 a long staircase Level 2 a fountain Level 3 a fountain a long staircase Level 4 Level 5 <- You were here some fountains, a sink History has recorded: On T:1 you entered the Dungeons of Doom to retrieve the Amulet of Yendor! On T:289 you reached level 2 of The Dungeons of Doom. On T:517 you reached level 3 of The Dungeons of Doom. On T:1022 you reached level 4 of The Dungeons of Doom. On T:1197 you reached level 5 of The Dungeons of Doom. Score breakdown: Gold: 646 ( 9561 points) Experience: 1 level ( 0 points) Exploration: 5 levels ( 10.20%) ( 8660 points) Discoveries: 1 item ( 0.34%) ( 1737 points) Valuables value: (no points given unless you survive) Artifact value: 0 ( 0 points) Variety of kills: 14 monsters ( 3.67%) ( 5750 points) Turncount: 1322 turns ( 0 points) Survival: died (score multiplied by 80%) Total score: 20566 Latest messages: Armand bites the manes. The manes is destroyed! Armand bites the manes. The manes misses Armand. (3x) Armand bites the manes. The manes is destroyed! You hit the manes. Armand bites the manes. The manes is destroyed! There is a doorway here. You see here an apple. The manes hits! (2x) The manes bites! Armand bites the manes. The manes misses Armand. (2x) The manes bites Armand. You hear some noises. Armand picks up an apple. Armand drops an apple. You displace Armand. You see here an apple. G - an apple. You miss the manes. The manes hits! (2x) The manes bites! You die... Final status: Aloha Zazza the Tourist, killed by a manes... You died in The Dungeons of Doom on dungeon level 5 with 20566 points, and 1572 pieces of gold, after 1322 moves. You were level 1 with a maximum of 12 hit points when you died.